 Dungeon Crawl Stone Soup version 0.31-a0-435-g2c6fae2916 (webtiles) character file.

Game seed: 1907273014199084476

55 Ethylacetat the Insei (level 3, -2/20 HPs)
             Began as a Vine Stalker Monk on Aug 1, 2023.
             Slain by a goblin
             ... wielding a +0 dagger
             ... led by Robin
              (3 damage)
             ... on level 2 of the Dungeon.
             The game lasted 00:01:58 (869 turns).

Ethylacetat the Insei (Vine Stalker Monk)            Turns: 869, Time: 00:01:59

Health: -2/20      AC:  2    Str: 13    XL:     3   Next: 93%
Magic:  0/6        EV: 13    Int: 10    God:
Gold:   135        SH:  0    Dex: 18    Spells: 5/5 levels left

rFire   . .          .
                       - Unarmed
rCold   . . .        c - orb {light}
rNeg    . . .        a - +0 robe
rPois   .            (no helmet)
rElec   .            (no cloak)
rCorr   .            (no gloves)
SInv    .            (no boots)
Will    .....        (no amulet)
Stlth   +            (no ring)
HPRegen 0.23/turn    (no ring)
MPRegen 0.10/turn

%: guardian spirit
@: glowing
A: fangs 2, magic shield, antimagic bite, no potion heal 2
a: no special abilities


You were on level 2 of the Dungeon.
You visited 1 branch of the dungeon, and saw 2 of its levels.

You collected 135 gold pieces.

Inventory:

Armour
 a - a +0 robe (worn)
 c - an orb of light (worn)
Jewellery
 d - a +6 ring of intelligence
Scrolls
 e - a scroll of amnesia {unknown}
 f - 3 scrolls of vulnerability {unknown}
Potions
 b - a potion of ambrosia
 g - 2 potions of heal wounds {unknown}
 h - a potion of brilliance {unknown}


   Skills:
 + Level 3.3 Fighting
 - Level 2.4 Dodging
 + Level 3.6 Unarmed Combat
 + Level 1.5 Spellcasting


You had 5 spell levels left.
You didn't know any spells.
Your spell library contained the following spells:

 Spells                   Type           Power      Damage    Failure   Level
 Magic Dart               Conj           0%         1d3       32%         1
 Call Imp                 Summ           0%         N/A       45%         2
 Mephitic Cloud           Conj/Pois/Air  0%         N/A       69%         3


Dungeon Overview and Level Annotations

Branches:
Dungeon (2/15)

Altars:

Annotations:
D:2 Robin


Innate Abilities, Weirdness & Mutations

You have extremely sharp teeth.
When hurt, damage is shared between your health and your magic reserves.
Your bite disrupts and absorbs the magic of your enemies.
Potions cannot restore your health.


Message History

You hit the goblin but do no damage. You bite the goblin. You drain its power.
The goblin is heavily wounded.
Robin throws the goblin at you! The hobgoblin barely misses you.
The goblin closely misses you. The goblin hits you with a +0 club.
The goblin barely misses you. The goblin misses you.
You hit the goblin.
You kill the goblin!
The hobgoblin completely misses you. The goblin hits you with a +0 club.
The goblin misses you.
You punch the goblin!
You kill the goblin!
The goblin hits you with a +0 club. The hobgoblin misses you.
Robin roars a battlecry!
The goblins go into a battle-frenzy!
You are too injured to fight recklessly!
You are too injured to fight recklessly!
You are too injured to fight recklessly!
You are too injured to fight recklessly!
Unknown command.
Okay, then.
You hit the goblin.
The goblin is moderately wounded.
The goblin misses you. The goblin hits you but does no damage.
The hobgoblin hits you.
* * * LOW HITPOINT WARNING * * *
The hobgoblin barely misses you. Robin throws the goblin at you!
* * * LOW HITPOINT WARNING * * *
You hit the goblin. You bite the goblin.
You kill the goblin!
Robin's bangles clink loudly.
Robin throws the goblin at you! The hobgoblin barely misses you.
The goblin hits you with a +0 club.
* * * LOW HITPOINT WARNING * * *
The hobgoblin barely misses you.
You punch the goblin!
You kill the goblin!
The goblin hits you with a +0 club.
* * * LOW HITPOINT WARNING * * *
The goblin hits you with a +0 dagger.
You die...

##### #...# #g..#
#@gg######### #
#gg.##.....>######
.g.####)..##......#.....
.gggg...................
...####...##......#.....
.....[.##......######
...g...##########
........# ####.####


You could see Robin, 2 hobgoblins and 2 goblins.

Vanquished Creatures
  3 adders (D:2)
  A dart slug (D:1)
  3 bats
  3 endoplasms
  8 goblins
  A hobgoblin (D:2)
  A ball python (D:2)
  4 frilled lizards
  2 kobolds
  2 rats (D:1)
28 creatures vanquished.

Notes
Turn   | Place    | Note
-------+----------+-------------------------------------------
     0 | D:1      | Ethylacetat the Vine Stalker Monk began the quest for the
                  | Orb.
     0 | D:1      | Reached XP level 1. HP: 11/11 MP: 2/2
   230 | D:1      | Reached XP level 2. HP: 16/16 MP: 3/3
   675 | D:2      | Reached skill level 1 in Spellcasting
   737 | D:2      | Reached XP level 3. HP: 15/20 MP: 3/5
   852 | D:2      | Noticed Robin
   869 | D:2      | HP: 1/20 [goblin/+0 club[Robin] (4)]
   869 | D:2      | Slain by a goblin

Illustrated notes

Levels and vault maps discovered:
D:1:      wander_arrival_lonely_grave, layout_loops_cross
D:2:      cheibrodos_fertilizer, layout_basic, minivault_11, uniq_robin

Skill      XL: |  1  2 |
---------------+-------+-----
Fighting       | 3 |  3.3
Spellcasting   | 1 |  1.5
Dodging        | |  2.4
Unarmed Combat | |  3.6

Action                     || total
---------------------------++-------
  Melee: Unarmed           ||    77
         Bite              ||    19
 Armour: Robe              ||    16
  Dodge: Dodged            ||    58

Table legend: (Time is in decaauts)
 A = Elapsed time spent in this place.
 B = Non-inter-level travel time spent in this place.
 C = Inter-level travel time spent in this place.
 D = Time resting spent in this place.
 E = Time spent auto-exploring this place.
 F = Levels seen in this place.
 G = Mean time per level.
                   A        B        C        D        E       F      G
               +--------+--------+--------+--------+--------+-----+--------+
         Total |    864 |    820 |     44 |      0 |    680 |   2 |  432.0 |
       Dungeon |    864 |    820 |     44 |      0 |    680 |   2 |  432.0 |
               +--------+--------+--------+--------+--------+-----+--------+

Top non-repeatable levels by time:
     D:1: 621 daAuts
     D:2: 242 daAuts
